 Dungeon Crawl Stone Soup version 0.30.1-11-g7821555f0a (webtiles) character file.

Game seed: 3386507030272366183

982 lonewolfV2 the Covered (level 8, -5/64 HPs)
             Began as a Formicid Fighter on Dec 5, 2023.
             Slain by an ogre
             ... wielding a +0 giant club
              (19 damage)
             ... on level 6 of the Dungeon.
             The game lasted 00:06:16 (4758 turns).

lonewolfV2 the Covered (Formicid Fighter)           Turns: 4758, Time: 00:06:17

Health: -5/64      AC: 20    Str: 18 (20) XL:     8   Next: 40%
Magic:  7/7        EV:  5    Int:  8 (9)  God:
Gold:   224        SH:  5    Dex: 13 (15) Spells: 7/7 levels left

rFire   . . .        a - +1 war axe
rCold   . . .        c - +0 buckler
rNeg    . . .        g - +2 plate armour
rPois   +            (helmet unavailable)
rElec   .            (no cloak)
rCorr   +            f - +2 pair of gloves
SInv    +            (no boots)
Will    .....        (no amulet) Stlth
                     e - ring of resist corrosion
HPRegen 0.30/turn    p - ring of poison resistance
MPRegen 0.10/turn

%: no passive effects
@: no status effects
A: permanent stasis, dig shafts and tunnels, antennae 3, four strong arms,
iridescent scales 1, low MP 1, noise suppression
a: Dig, Shaft Self


You were on level 6 of the Dungeon.
You visited 1 branch of the dungeon, and saw 6 of its levels.

You collected 224 gold pieces.

Inventory:

Hand Weapons
 a - a +1 war axe (weapon)
Armour
 b - a +0 scale mail
 c - a +0 buckler (worn)
 f - a +2 pair of gloves (worn)
 g - a +2 plate armour (worn)
Jewellery
 d - a ring of willpower
 e - a ring of resist corrosion (left hand)
 p - a ring of poison resistance (right hand)
 s - a ring of wizardry
Scrolls
 i - a scroll of magic mapping
 r - a scroll of poison
Potions
 h - a potion of magic
 j - a potion of attraction
 k - 5 potions of heal wounds


   Skills:
 - Level 6.2 Fighting
 * Level 5.3 Axes
 - Level 6.2 Armour
 - Level 6.1 Shields


You had 7 spell levels left.
You didn't know any spells.
Your spell library contained the following spells:

 Spells                   Type           Power      Damage    Failure   Level
 Necrotise                Necr           0%         1d4       100%        1
 Lesser Beckoning         Tloc           0%         N/A       100%        2
 Gell's Gravitas          Tloc           0%         N/A       100%        3
 Teleport Other           Tloc           0%         N/A       100%        3
 Vampiric Draining        Necr           0%         2d6       100%        3
 Agony                    Necr           0%         N/A       100%        5


Dungeon Overview and Level Annotations

Branches:
Dungeon (6/15)
 Temple: D:4-7

Altars:

Annotations:
D:5 1 runed translucent door, testeroni's ghost, novice MiBe


Innate Abilities, Weirdness & Mutations

You cannot be hasted, slowed, berserked, paralysed or teleported.
You can dig through walls and to a lower floor.
You have a pair of large antennae on your head. (SInv)
Your four strong arms can wield two-handed weapons with a shield.
You are partially covered in iridescent scales. (AC +2)
Your magical capacity is low. (-10% MP)
You passively dampen the noise of your surroundings.


Message History

a +0 short sword; 2 poisoned darts; a kobold corpse HP restored.
Could not explore, unopened door.
Could not explore, unopened door.
Could not explore, unopened door.
You open the door.
Found a book of Necromancy.
There is an open door here.
You pick up a book of Necromancy and begin reading...
You add the spells Necrotise, Vampiric Draining and Agony to your library.
Could not explore, unopened door.
Could not explore, unopened door.
Could not explore, unopened door.
You open the door.
Found 5 stones.
There is an open door here.
You sense a monster nearby.
An ogre comes into view. It is wielding a +0 giant club.
An ogre is nearby!
An ogre is nearby!
The ogre hits you with a +0 giant club!
You hit the ogre.
The ogre is lightly wounded.
You barely miss the ogre.
The ogre is lightly wounded.
The ogre hits you with a +0 giant club!
You hit the ogre.
The ogre is moderately wounded.
You block the ogre's attack.
You slash the ogre!
The ogre is severely wounded.
The ogre completely misses you.
You barely miss the ogre.
The ogre is severely wounded.
The ogre hits you with a +0 giant club!!
* * * LOW HITPOINT WARNING * * *
You hit the ogre.
The ogre is severely wounded.
The ogre hits you with a +0 giant club!!
You die...

.#######+##
..........#
..........#
..........#
..........#
......O@..#####
..####+##..(..#
... #.....#
...#.....#
..#.....#
#.#.....# ###
#.###'###....
#............
+............


You could see an ogre.

Vanquished Creatures
  Edmund (D:4)
  Duvessa (D:4)
  A water moccasin (D:5)
  2 phantoms
  A kobold brigand (D:6)
  A scorpion (D:5)
  Dowan (D:4)
  2 hounds
  An orc priest (D:4)
  2 iguanas
  A sleepcap (D:5)
  An orc wizard (D:4)
  5 adders
  A shadow imp (D:5)
  3 worms
  A dart slug (D:3)
  12 orcs
  5 bats
  8 endoplasms
  2 giant cockroaches
  9 hobgoblins
  13 kobolds
  5 quokkas
  6 ball pythons
  4 frilled lizards
  6 goblins
  3 rats
98 creatures vanquished.

Notes
Turn   | Place    | Note
-------+----------+-------------------------------------------
     0 | D:1      | lonewolfV2 the Formicid Fighter began the quest for the
                  | Orb.
     0 | D:1      | Reached XP level 1. HP: 18/18 MP: 1/1
   109 | D:1      | Reached XP level 2. HP: 24/24 MP: 2/2
   503 | D:1      | Reached XP level 3. HP: 30/30 MP: 3/3
  1084 | D:2      | Found a faded altar of an unknown god.
  1638 | D:3      | Reached XP level 4. HP: 37/37 MP: 4/4
  2192 | D:4      | Noticed Dowan
  2192 | D:4      | Noticed Duvessa
  2203 | D:4      | Reached XP level 5. HP: 18/43 MP: 5/5
  2206 | D:4      | Killed Duvessa
  2207 | D:4      | Reached skill level 5 in Fighting
  2207 | D:4      | Reached skill level 5 in Armour
  2207 | D:4      | Reached XP level 6. HP: 30/51 MP: 6/6
  2222 | D:4      | Killed Dowan
  2818 | D:4      | Reached XP level 7. HP: 56/58 MP: 7/7
  2834 | D:4      | Noticed Edmund
  2851 | D:4      | Killed Edmund
  3700 | D:5      | Entered Level 5 of the Dungeon
  3710 | D:5      | Reached skill level 5 in Shields
  3808 | D:5      | Noticed a water moccasin
  3823 | D:5      | Killed a water moccasin
  3824 | D:5      | Reached XP level 8. HP: 31/64 MP: 8/8
  3939 | D:5      | Gained mutation: Your magical capacity is low. (-10% MP)
                  | [potion of mutation]
  3939 | D:5      | Gained mutation: You passively dampen the noise of your
                  | surroundings. [potion of mutation]
  3939 | D:5      | Gained mutation: You are partially covered in iridescent
                  | scales. (AC +2) [potion of mutation]
  4212 | D:5      | Found a runed translucent door.
  4518 | D:5      | Reached skill level 5 in Axes
  4631 | D:5      | Noticed testeroni's ghost (novice MiBe)
  4758 | D:6      | Slain by an ogre

Illustrated notes

Levels and vault maps discovered:
D:1:      heliophobic_arrival_ceremonial_halls, layout_basic, minmay_3d_cube
D:2:      layout_loops_cross, serial_glass, glass_columns_b, glass_columns_b,
          dreamdust_ecumenical_altar_grove
D:3:      layout_loops_cross
D:4:      layout_basic, uniq_edmund, uniq_duvessa
D:5:      layout_gridville, ebering_ghost_reflecting_pool
D:6:      layout_gridville, minmay_temple_entry_ruins, gammafunk_ghost_smash

Skill      XL: |  1  2  3  4  5  6  7  8 |
---------------+-------------------------+-----
Fighting       | 4 5 6 |  6.2
Armour         | 4 5 6 |  6.2
Axes           | 4 5 |  5.3
Shields        | 5 6 |  6.1

Action                     |  1- 3 |  4- 6 |  7- 9 || total
---------------------------+-------+-------+-------++-------
  Melee: War axe           |   114 |    87 |   129 ||   330
    Use: Scroll            |     7 |     5 |     3 ||    15
         Potion            |       |     2 |     8 ||    10
 Armour: Scale mail        |    48 |       |       ||    48
         Plate armour      |    42 |    97 |    87 ||   226
  Dodge: Dodged            |    43 |    35 |    42 ||   120
  Block: Buckler           |    30 |    32 |    38 ||   100
